[ AOE2 MATCH · #483742386 ]
Team RMTeutons vs Khmer
[ REPLAY ANALYSIS · EXTRACTED FROM THE RECORDED GAME ]
Feudal
15:31
Castle
27:19
Imperial
—
| APM avg | 16.1 |
| APM peak | 73 |
| eAPM avg | 9.2 |
| Villagers / military | 63 / 9 |
Focus
⚔️ 22.6% · 🌾 77.4%
Trade Cart ×8 · Monk ×4 · Spearman ×2 · Knight ×2 · Archer ×1
Feudal
12:06
Castle
23:23
Imperial
32:42
| APM avg | 11.5 |
| APM peak | 62 |
| eAPM avg | 4.9 |
| Villagers / military | 48 / 47 |
Focus
⚔️ 23.4% · 🌾 76.6%
Ballista Elephant ×32 · Knight ×13 · Trade Cart ×5 · Trebuchet (Packed) ×2
Feudal
15:39
Castle
18:20
Imperial
31:24
| APM avg | 22.7 |
| APM peak | 77 |
| eAPM avg | 16.4 |
| Villagers / military | 105 / 145 |
Focus
⚔️ 25.7% · 🌾 74.3%
Scorpion ×86 · Battle Elephant ×33 · Battering Ram ×19 · Trade Cart ×9 · Trebuchet (Packed) ×7
Feudal
13:24
Castle
25:06
Imperial
37:11
| APM avg | 8.8 |
| APM peak | 28 |
| eAPM avg | 7.5 |
| Villagers / military | 98 / 30 |
Focus
⚔️ 30.1% · 🌾 69.9%
Militia ×14 · Spearman ×12 · Unknown (882) ×8 · Missionary ×4
Feudal
15:03
Castle
27:04
Imperial
42:22
| APM avg | 8.8 |
| APM peak | 33 |
| eAPM avg | 6.1 |
| Villagers / military | 91 / 123 |
Focus
⚔️ 31.1% · 🌾 68.9%
Genoese Crossbowman ×120 · Trade Cart ×30 · Petard ×3
Feudal
15:03
Castle
23:25
Imperial
47:16
| APM avg | 35.6 |
| APM peak | 98 |
| eAPM avg | 19.4 |
| Villagers / military | 152 / 265 |
Focus
⚔️ 17.0% · 🌾 83.0%
Skirmisher ×165 · Knight ×54 · Scout Cavalry ×35 · Trade Cart ×15 · Mangonel ×7 · Bombard Cannon ×3
Feudal
19:27
Castle
29:31
Imperial
42:42
| APM avg | 12.9 |
| APM peak | 48 |
| eAPM avg | 11.5 |
| Villagers / military | 98 / 266 |
Focus
⚔️ 48.1% · 🌾 51.9%
Unknown (882) ×205 · Genoese Crossbowman ×135 · Spearman ×75 · Scout Cavalry ×27 · Skirmisher ×24 · Trade Cart ×11
Feudal
11:11
Castle
19:55
Imperial
37:35
| APM avg | 12.9 |
| APM peak | 51 |
| eAPM avg | 11.7 |
| Villagers / military | 201 / 272 |
Focus
⚔️ 29.8% · 🌾 70.2%
Camel Scout ×158 · Trade Cart ×53 · Hand Cannoneer ×52 · Armored Elephant ×26 · Bombard Cannon ×20 · Skirmisher ×15
Match map
Resources at game start + every placement click. Thick line = wall · dashed box = detected house wall. 🟡 gold · ⚪ stone · 🟢 berries · 🔶 boar · ⭕ relic
Inputs per minute
— Twixxo - - Entopiic
Build order — Twixxo
149 actions detected in the replay
| 0:03 | Create | Villager (Male) |
| 0:07 | Build | House |
| 0:12 | Research | Loom |
| 0:12 | Create | Villager (Male) |
| 0:45 | Create | Villager (Male) |
| 0:55 | Build | Palisade Wall |
| 1:25 | Build | Palisade Wall |
| 1:35 | Create | Villager (Male) |
| 1:47 | Build | Palisade Wall |
| 2:52 | Build | Lumber Camp |
| 3:22 | Create | Villager (Male) |
| 4:31 | Create | Villager (Male) |
| 4:56 | Create | Villager (Male) |
| 5:26 | Build | House |
| 5:34 | Create | Villager (Male) |
| 5:38 | Build | House |
| 6:00 | Create | Villager (Male) |
| 6:37 | Create | Villager (Male) |
| 7:21 | Build | Mill |
| 8:06 | Build | Mill |
| 8:09 | Create | Villager (Male) |
| 9:06 | Create | Villager (Male) |
| 9:44 | Create | Villager (Male) |
| 10:22 | Create | Villager (Male) |
| 10:58 | Build | House |
| 10:59 | Build | House |
| 11:06 | Create | Villager (Male) |
| 11:11 | Create | Villager (Male) |
| 11:11 | Create | Villager (Male) |
| 11:41 | Create | Villager (Male) |
| 12:04 | Create | Villager (Male) |
| 12:44 | Create | Villager (Male) |
| 12:59 | Create | Villager (Male) |
| 13:21 | Research | Feudal Age |
| 13:42 | Build | Mining Camp |
| 14:32 | Create | Villager (Male) |
| 15:12 | Build | Mining Camp |
| 15:31 | Age | Feudal Age |
| 15:32 | Build | Barracks |
| 15:44 | Build | Watch Tower |
| 15:56 | Build | Stone Wall |
| 16:01 | Create | Villager (Male) |
| 16:07 | Build | Farm |
| 16:09 | Build | Farm |
| 16:12 | Build | Farm |
| 16:12 | Create | Villager (Male) |
| 16:23 | Build | Lumber Camp |
| 16:27 | Create | Villager (Male) |
| 16:49 | Build | Archery Range |
| 17:23 | Build | Stone Wall |
| 17:37 | Create | Villager (Male) |
| 17:39 | Build | Farm |
| 17:41 | Build | Farm |
| 17:43 | Build | Farm |
| 17:43 | Create | Villager (Male) ×5 |
| 17:44 | Create | Villager (Male) |
| 17:44 | Create | Villager (Male) |
| 17:59 | Build | Stone Wall |
| 18:00 | Build | Stone Wall |
| 18:13 | Build | Stone Wall |
| 18:35 | Build | Stone Wall |
| 18:40 | Build | Stone Wall |
| 18:46 | Create | Villager (Male) |
| 18:48 | Build | Farm |
| 18:50 | Build | Farm |
| 18:50 | Create | Villager (Male) |
| 18:51 | Create | Villager (Male) |
| 18:56 | Build | House |
| 18:59 | Create | Villager (Male) |
| 19:38 | Build | Palisade Wall |
| 19:49 | Build | Stone Wall |
| 19:51 | Build | Stone Wall |
| 19:55 | Build | Stone Wall |
| 20:10 | Create | Spearman |
| 20:10 | Create | Archer |
| 20:26 | Research | Double-Bit Axe |
| 20:27 | Create | Villager (Male) |
| 20:34 | Create | Spearman |
| 21:00 | Build | Stone Wall |
| 21:07 | Build | House |
| 21:12 | Build | House |
| 21:32 | Build | Market |
| 21:46 | Create | Villager (Male) |
| 22:00 | Build | House |
| 22:02 | Create | Villager (Male) |
| 22:04 | Build | Farm |
| 22:27 | Research | Horse Collar |
| 22:27 | Research | Horse Collar |
| 22:35 | Create | Villager (Male) |
| 22:37 | Create | Trade Cart |
| 22:55 | Create | Villager (Male) |
| 22:58 | Research | Wheelbarrow |
| 22:58 | Create | Villager (Male) |
| 23:08 | Build | House |
| 23:54 | Create | Trade Cart ×4 |
| 24:20 | Build | Building 490 |
| 24:22 | Build | Stone Wall |
| 24:24 | Build | Stone Wall |
| 24:39 | Research | Castle Age |
| 24:46 | Research | Stone Mining |
| 24:53 | Build | House |
| 24:58 | Build | House |
| 25:57 | Build | Building 490 |
| 25:58 | Build | Stone Wall |
| 25:59 | Build | Stone Wall |
| 26:06 | Build | Blacksmith |
| 26:10 | Create | Villager (Male) |
| 26:46 | Build | Stable |
| 26:53 | Build | House |
| 27:12 | Create | Trade Cart |
| 27:19 | Age | Castle Age |
| 27:36 | Build | Monastery |
| 27:44 | Create | Villager (Male) |
| 28:06 | Create | Knight |
| 28:11 | Create | Monk |
| 28:19 | Build | Mining Camp |
| 28:24 | Build | Town Center |
| 28:28 | Create | Villager (Male) ×5 |
| 28:44 | Create | Trade Cart |
| 28:55 | Build | Castle |
| 28:58 | Create | Monk |
| 29:49 | Create | Trade Cart |
| 29:58 | Create | Monk |
| 30:18 | Build | Outpost |
| 30:24 | Research | Gold Mining |
| 30:31 | Build | University |
| 30:35 | Create | Villager (Male) |
| 30:38 | Create | Villager (Male) |
| 30:40 | Research | Hand Cart |
| 31:10 | Build | Siege Workshop |
| 31:17 | Research | Bow Saw |
| 32:12 | Create | Villager (Male) |
| 32:34 | Create | Villager (Male) |
| 32:35 | Create | Villager (Male) ×5 |
| 32:51 | Create | Villager (Male) |
| 32:52 | Create | Villager (Male) |
| 33:01 | Create | Villager (Male) |
| 33:02 | Create | Villager (Male) |
| 33:43 | Build | Farm |
| 33:48 | Build | Farm |
| 33:50 | Build | Farm |
| 34:16 | Build | Town Center |
| 34:36 | Research | Imperial Age |
| 34:42 | Build | Siege Workshop |
| 34:50 | Build | Lumber Camp |
| 34:52 | Build | House |
| 34:59 | Build | House |
| 35:00 | Create | Monk |
| 35:01 | Create | Knight |
Build order — Entopiic
First 150 of 178 actions detected
| 0:10 | Build | House |
| 0:14 | Build | House |
| 0:25 | Create | Villager (Male) |
| 0:25 | Create | Villager (Male) |
| 0:25 | Create | Villager (Male) |
| 0:25 | Create | Villager (Male) |
| 0:26 | Research | Loom |
| 0:55 | Build | Lumber Camp |
| 2:14 | Create | Villager (Male) |
| 2:55 | Create | Villager (Male) |
| 3:43 | Create | Villager (Male) |
| 3:44 | Create | Villager (Male) |
| 4:19 | Create | Villager (Male) |
| 4:24 | Create | Villager (Male) |
| 4:29 | Build | House |
| 5:30 | Build | Mill |
| 5:36 | Create | Villager (Male) |
| 5:37 | Create | Villager (Male) |
| 5:42 | Create | Villager (Male) |
| 5:47 | Create | Villager (Male) |
| 6:49 | Build | House |
| 7:14 | Build | House |
| 8:20 | Create | Villager (Male) |
| 9:56 | Research | Feudal Age |
| 10:41 | Build | Farm |
| 11:24 | Create | Villager (Male) |
| 11:24 | Create | Villager (Male) |
| 11:24 | Create | Villager (Male) |
| 11:25 | Create | Villager (Male) |
| 11:25 | Create | Villager (Male) |
| 11:26 | Create | Villager (Male) |
| 11:27 | Create | Villager (Male) |
| 11:41 | Build | House |
| 11:42 | Build | House |
| 11:43 | Build | House |
| 11:54 | Build | Farm |
| 11:54 | Build | Farm |
| 12:01 | Build | Farm |
| 12:02 | Build | Farm |
| 12:06 | Age | Feudal Age |
| 12:41 | Build | Mining Camp |
| 13:16 | Build | Farm |
| 13:17 | Build | Farm |
| 13:18 | Build | Farm |
| 13:19 | Build | Farm |
| 14:23 | Research | Double-Bit Axe |
| 15:39 | Create | Villager (Male) |
| 15:40 | Create | Villager (Male) |
| 15:40 | Create | Villager (Male) |
| 15:41 | Create | Villager (Male) |
| 15:42 | Create | Villager (Male) |
| 15:56 | Create | Villager (Male) |
| 16:16 | Build | Farm |
| 17:04 | Build | Farm |
| 17:24 | Build | Farm |
| 17:52 | Build | Mining Camp |
| 18:01 | Research | Gold Mining |
| 18:38 | Research | Wheelbarrow |
| 18:39 | Create | Villager (Male) |
| 18:40 | Create | Villager (Male) |
| 19:29 | Research | Stone Mining |
| 20:07 | Research | Castle Age |
| 20:35 | Build | Stable |
| 22:15 | Build | Market |
| 23:23 | Age | Castle Age |
| 23:48 | Build | Castle |
| 24:09 | Create | Villager (Male) |
| 24:09 | Create | Villager (Male) |
| 24:10 | Create | Villager (Male) |
| 24:15 | Create | Trade Cart |
| 24:16 | Create | Trade Cart |
| 24:17 | Create | Trade Cart |
| 24:21 | Create | Trade Cart |
| 24:22 | Create | Trade Cart |
| 24:42 | Build | Farm |
| 25:09 | Build | Stone Wall |
| 25:24 | Build | Farm |
| 25:59 | Research | Hand Cart |
| 26:08 | Research | Bow Saw |
| 26:32 | Create | Villager (Male) |
| 26:58 | Create | Villager (Male) |
| 27:54 | Build | Stone Wall |
| 28:03 | Build | Building 673 |
| 28:23 | Build | University |
| 28:29 | Build | Blacksmith |
| 28:33 | Build | House |
| 28:34 | Build | House |
| 28:36 | Build | House |
| 28:37 | Build | House |
| 28:39 | Build | House |
| 28:41 | Build | House |
| 28:43 | Build | House |
| 29:32 | Research | Imperial Age |
| 30:29 | Build | Lumber Camp |
| 31:22 | Build | Monastery |
| 32:07 | Create | Villager (Male) |
| 32:08 | Create | Villager (Male) |
| 32:08 | Create | Villager (Male) |
| 32:09 | Create | Villager (Male) |
| 32:30 | Create | Villager (Male) |
| 32:31 | Create | Villager (Male) |
| 32:31 | Create | Villager (Male) |
| 32:42 | Age | Imperial Age |
| 32:46 | Build | House |
| 32:53 | Build | House |
| 32:55 | Build | House |
| 32:57 | Build | House |
| 33:15 | Build | Farm |
| 33:23 | Research | Elite Ballista Elephant (upgrade) |
| 33:38 | Build | Farm |
| 34:29 | Build | Farm |
| 34:46 | Build | Farm |
| 34:46 | Build | Farm |
| 35:05 | Build | Farm |
| 35:26 | Build | Mining Camp |
| 35:55 | Build | Farm |
| 36:00 | Research | Double Crossbow |
| 36:15 | Build | Castle |
| 36:55 | Create | Villager (Male) |
| 37:03 | Create | Ballista Elephant |
| 37:03 | Create | Ballista Elephant |
| 37:04 | Create | Ballista Elephant |
| 37:04 | Create | Ballista Elephant |
| 37:04 | Create | Ballista Elephant |
| 37:05 | Create | Ballista Elephant |
| 37:05 | Create | Ballista Elephant |
| 37:05 | Create | Ballista Elephant |
| 37:05 | Create | Ballista Elephant |
| 37:06 | Create | Ballista Elephant |
| 37:06 | Create | Ballista Elephant |
| 37:07 | Create | Ballista Elephant |
| 37:07 | Create | Ballista Elephant |
| 37:07 | Create | Ballista Elephant |
| 37:31 | Build | Farm |
| 38:06 | Create | Ballista Elephant |
| 38:07 | Create | Ballista Elephant |
| 38:07 | Create | Ballista Elephant |
| 38:08 | Create | Ballista Elephant |
| 38:08 | Create | Ballista Elephant |
| 38:32 | Create | Ballista Elephant |
| 38:33 | Create | Ballista Elephant |
| 38:33 | Create | Ballista Elephant |
| 39:17 | Research | Chemistry |
| 39:43 | Research | Cavalier (upgrade) |
| 39:57 | Research | Town Watch |
| 41:24 | Research | Husbandry |
| 41:31 | Research | Bloodlines |
| 41:49 | Create | Trebuchet (Packed) |
| 41:53 | Create | Trebuchet (Packed) |
| 42:06 | Create | Ballista Elephant |
Build order — _marcus_
First 150 of 299 actions detected
| 0:04 | Create | Villager (Male) ×4 |
| 0:05 | Create | Villager (Male) ×4 |
| 0:10 | Build | House |
| 0:12 | Build | House |
| 0:53 | Build | Lumber Camp |
| 1:43 | Create | Villager (Male) |
| 1:43 | Create | Villager (Male) |
| 2:14 | Create | Villager (Male) |
| 2:14 | Create | Villager (Male) |
| 2:23 | Build | Farm |
| 2:38 | Create | Villager (Male) |
| 2:58 | Create | Villager (Male) |
| 3:24 | Create | Villager (Male) |
| 3:36 | Create | Villager (Male) |
| 4:05 | Create | Villager (Male) |
| 4:05 | Create | Villager (Male) |
| 4:12 | Build | House |
| 4:18 | Create | Villager (Male) |
| 4:18 | Create | Villager (Male) |
| 4:23 | Research | Loom |
| 4:47 | Create | Villager (Male) |
| 4:48 | Create | Villager (Male) |
| 5:06 | Create | Villager (Male) |
| 5:06 | Create | Villager (Male) |
| 5:37 | Build | Palisade Wall |
| 5:44 | Create | Villager (Male) |
| 5:45 | Create | Villager (Male) |
| 6:09 | Create | Villager (Male) |
| 6:09 | Create | Villager (Male) |
| 6:17 | Build | House |
| 6:33 | Create | Villager (Male) |
| 6:33 | Create | Villager (Male) |
| 6:40 | Build | House |
| 7:11 | Build | Mill |
| 7:31 | Build | House |
| 7:32 | Build | House |
| 7:34 | Build | House |
| 7:35 | Build | House |
| 7:50 | Build | Farm |
| 7:52 | Build | Farm |
| 7:55 | Create | Villager (Male) |
| 7:55 | Create | Villager (Male) |
| 8:16 | Build | Farm |
| 8:17 | Build | Farm |
| 8:28 | Create | Villager (Male) |
| 8:29 | Create | Villager (Male) |
| 8:49 | Create | Villager (Male) |
| 9:04 | Build | Mining Camp |
| 9:18 | Create | Villager (Male) |
| 9:18 | Create | Villager (Male) |
| 9:18 | Create | Villager (Male) |
| 9:28 | Build | Farm |
| 9:43 | Build | Farm |
| 9:55 | Build | Farm |
| 10:05 | Create | Villager (Male) |
| 10:06 | Create | Villager (Male) |
| 10:06 | Create | Villager (Male) |
| 11:06 | Create | Villager (Male) |
| 11:06 | Create | Villager (Male) |
| 11:07 | Create | Villager (Male) |
| 11:07 | Create | Villager (Male) |
| 11:07 | Create | Villager (Male) |
| 11:07 | Create | Villager (Male) |
| 12:25 | Research | Feudal Age |
| 13:18 | Build | Mining Camp |
| 15:11 | Build | Mill |
| 15:39 | Age | Feudal Age |
| 15:40 | Research | Castle Age |
| 15:44 | Research | Horse Collar |
| 15:49 | Research | Double-Bit Axe |
| 15:53 | Research | Stone Mining |
| 15:54 | Research | Gold Mining |
| 16:33 | Build | Market |
| 17:53 | Research | Wheelbarrow |
| 17:56 | Create | Villager (Male) |
| 17:56 | Create | Villager (Male) |
| 17:56 | Create | Villager (Male) |
| 17:57 | Create | Villager (Male) |
| 17:57 | Create | Villager (Male) |
| 18:20 | Age | Castle Age |
| 18:54 | Build | Town Center |
| 19:19 | Create | Villager (Male) |
| 19:19 | Create | Villager (Male) |
| 19:19 | Create | Villager (Male) |
| 19:36 | Build | Farm |
| 19:46 | Create | Villager (Male) |
| 19:46 | Create | Villager (Male) |
| 19:47 | Create | Villager (Male) |
| 19:51 | Build | Farm |
| 20:27 | Research | Gold Shaft Mining |
| 20:51 | Create | Villager (Male) |
| 20:51 | Create | Villager (Male) |
| 20:56 | Research | Bow Saw |
| 21:17 | Build | Mining Camp |
| 21:22 | Create | Villager (Male) |
| 21:22 | Create | Villager (Male) |
| 21:22 | Create | Villager (Male) |
| 21:27 | Create | Villager (Male) |
| 21:27 | Create | Villager (Male) |
| 21:28 | Create | Villager (Male) |
| 21:28 | Create | Villager (Male) |
| 21:56 | Build | Stone Wall |
| 22:01 | Build | Stone Wall |
| 22:11 | Build | Building 490 |
| 22:24 | Create | Villager (Male) |
| 22:24 | Create | Villager (Male) |
| 22:31 | Create | Villager (Male) |
| 22:31 | Create | Villager (Male) |
| 22:31 | Create | Villager (Male) |
| 22:31 | Create | Villager (Male) |
| 22:57 | Build | Castle |
| 23:19 | Research | Heavy Plow |
| 23:29 | Create | Trade Cart |
| 23:29 | Create | Trade Cart |
| 23:30 | Create | Trade Cart |
| 23:30 | Create | Trade Cart |
| 23:30 | Create | Trade Cart |
| 23:30 | Create | Trade Cart |
| 23:31 | Create | Trade Cart |
| 23:31 | Create | Trade Cart |
| 23:31 | Create | Trade Cart |
| 23:57 | Build | House |
| 23:58 | Build | House |
| 24:00 | Build | House |
| 24:01 | Build | House |
| 24:02 | Build | House |
| 24:03 | Build | House |
| 24:21 | Research | Stone Shaft Mining |
| 24:34 | Build | Siege Workshop |
| 24:35 | Build | Siege Workshop |
| 24:55 | Build | Farm |
| 24:56 | Build | Farm |
| 25:18 | Build | Lumber Camp |
| 25:36 | Build | Farm |
| 25:38 | Build | Farm |
| 25:39 | Build | Farm |
| 25:56 | Build | Town Center |
| 26:11 | Create | Villager (Male) |
| 26:11 | Create | Villager (Male) |
| 26:28 | Build | Farm |
| 26:29 | Build | Farm |
| 26:31 | Build | Farm |
| 26:33 | Build | Farm |
| 26:34 | Build | Farm |
| 26:35 | Build | Farm |
| 26:45 | Build | House |
| 26:46 | Build | House |
| 26:47 | Build | House |
| 26:48 | Build | House |
| 26:54 | Create | Villager (Male) |
Build order — pdaniel87
First 150 of 229 actions detected
| 0:10 | Research | Loom |
| 0:10 | Create | Villager (Male) ×4 |
| 0:15 | Build | Mill |
| 0:25 | Build | House |
| 0:27 | Build | House |
| 1:32 | Build | Palisade Wall |
| 3:45 | Build | House |
| 3:48 | Build | House |
| 4:06 | Build | House |
| 4:10 | Build | House |
| 4:12 | Build | House |
| 4:13 | Build | House |
| 4:25 | Create | Villager (Male) ×2 |
| 5:03 | Create | Villager (Male) |
| 5:16 | Build | Lumber Camp |
| 5:48 | Create | Villager (Male) |
| 5:50 | Create | Villager (Male) |
| 6:38 | Create | Villager (Male) ×2 |
| 7:06 | Create | Villager (Male) |
| 7:08 | Create | Villager (Male) |
| 7:39 | Create | Villager (Male) |
| 7:58 | Create | Villager (Male) ×2 |
| 9:07 | Create | Villager (Male) |
| 9:51 | Create | Villager (Male) |
| 10:02 | Create | Villager (Male) |
| 10:37 | Create | Villager (Male) |
| 10:55 | Research | Feudal Age |
| 11:24 | Build | Mining Camp |
| 12:00 | Build | Mining Camp |
| 12:09 | Build | Mining Camp |
| 13:10 | Build | Lumber Camp |
| 13:24 | Age | Feudal Age |
| 13:27 | Research | Town Watch |
| 13:29 | Research | Wheelbarrow |
| 13:56 | Build | Stone Wall |
| 14:06 | Build | Building 490 |
| 14:21 | Create | Villager (Male) ×4 |
| 14:30 | Research | Horse Collar |
| 14:52 | Build | Farm |
| 14:54 | Build | Farm |
| 14:56 | Build | Farm |
| 14:59 | Build | Farm |
| 15:26 | Build | Watch Tower |
| 15:52 | Build | Farm |
| 15:53 | Build | Farm |
| 15:56 | Create | Villager (Male) ×2 |
| 16:19 | Research | Double-Bit Axe |
| 16:24 | Build | Farm |
| 16:31 | Build | Farm |
| 16:48 | Create | Villager (Male) |
| 17:45 | Research | Stone Mining |
| 17:50 | Research | Gold Mining |
| 18:05 | Create | Villager (Male) ×5 |
| 18:14 | Build | Farm |
| 18:15 | Build | Farm |
| 18:16 | Build | Farm |
| 18:18 | Build | Farm |
| 18:21 | Build | Farm |
| 18:45 | Build | House |
| 18:46 | Build | House |
| 18:47 | Build | House |
| 18:49 | Build | House |
| 18:51 | Build | House |
| 19:14 | Build | Market |
| 19:52 | Build | Farm |
| 19:53 | Build | Farm |
| 19:55 | Build | Farm |
| 20:06 | Build | Farm |
| 20:10 | Create | Villager (Male) ×5 |
| 20:49 | Build | Blacksmith |
| 21:04 | Build | Farm |
| 21:06 | Build | Farm |
| 21:13 | Build | Farm |
| 21:42 | Build | Market |
| 22:14 | Build | Outpost |
| 22:27 | Research | Castle Age |
| 22:31 | Build | Farm |
| 22:43 | Research | Stone Mining |
| 22:45 | Research | Gold Mining |
| 24:27 | Build | House |
| 24:28 | Build | House |
| 24:30 | Build | House |
| 25:06 | Age | Castle Age |
| 25:12 | Build | Town Center |
| 25:20 | Create | Villager (Male) ×5 |
| 25:22 | Create | Villager (Male) ×5 |
| 25:26 | Research | Stone Shaft Mining |
| 25:29 | Research | Heavy Plow |
| 25:31 | Research | Bow Saw |
| 25:37 | Build | Monastery |
| 25:49 | Research | Caravan |
| 26:09 | Create | Villager (Male) ×5 |
| 26:23 | Create | Missionary |
| 26:25 | Create | Missionary |
| 28:03 | Build | Monastery |
| 28:18 | Build | Town Center |
| 28:33 | Create | Villager (Male) ×5 |
| 28:34 | Create | Villager (Male) ×5 |
| 28:34 | Create | Villager (Male) ×5 |
| 28:47 | Build | Farm |
| 28:49 | Build | Farm |
| 28:59 | Create | Missionary |
| 30:06 | Build | Mining Camp |
| 30:17 | Create | Missionary |
| 30:31 | Create | Villager (Male) ×5 |
| 30:33 | Create | Villager (Male) ×5 |
| 30:37 | Create | Villager (Male) ×5 |
| 30:43 | Build | Farm |
| 30:45 | Build | Farm |
| 30:47 | Build | Farm |
| 30:49 | Build | Farm |
| 30:50 | Build | Farm |
| 32:08 | Build | Castle |
| 32:15 | Build | Siege Workshop |
| 32:18 | Build | Siege Workshop |
| 32:25 | Build | Barracks |
| 32:29 | Build | Barracks |
| 32:30 | Build | Barracks |
| 32:40 | Build | Farm |
| 32:42 | Build | Farm |
| 32:43 | Build | Farm |
| 32:44 | Build | Farm |
| 32:46 | Build | Farm |
| 32:47 | Build | Farm |
| 32:48 | Build | Farm |
| 32:50 | Build | Farm |
| 32:51 | Build | Farm |
| 32:57 | Create | Villager (Male) ×5 |
| 32:57 | Create | Villager (Male) ×5 |
| 33:15 | Build | University |
| 33:18 | Build | University |
| 33:25 | Build | University |
| 33:45 | Build | House |
| 33:49 | Build | House |
| 33:50 | Build | House |
| 33:51 | Build | House |
| 33:52 | Build | House |
| 33:58 | Research | Murder Holes |
| 34:01 | Research | Imperial Age |
| 34:02 | Research | Hand Cart |
| 34:15 | Build | Lumber Camp |
| 34:25 | Build | Lumber Camp |
| 34:34 | Build | Farm |
| 34:35 | Build | Farm |
| 34:36 | Build | Farm |
| 34:50 | Research | Fortified Wall (upgrade) |
| 34:52 | Research | Forging |
| 34:52 | Research | Scale Mail Armor |
| 34:52 | Research | Scale Barding Armor |
| 35:08 | Build | House |
Build order — Unleashing Hell
First 150 of 220 actions detected
| 0:03 | Research | Loom |
| 0:03 | Create | Villager (Male) ×4 |
| 0:18 | Build | Palisade Wall |
| 0:23 | Build | House |
| 0:24 | Build | House |
| 0:37 | Build | Palisade Wall |
| 2:15 | Build | Palisade Wall |
| 3:16 | Create | Villager (Male) |
| 3:16 | Create | Villager (Male) |
| 5:39 | Build | Palisade Wall |
| 6:13 | Create | Villager (Male) |
| 6:13 | Create | Villager (Male) |
| 6:13 | Create | Villager (Male) |
| 6:43 | Build | Palisade Wall |
| 6:53 | Build | Palisade Wall |
| 7:16 | Create | Villager (Male) |
| 7:42 | Create | Villager (Male) |
| 7:43 | Create | Villager (Male) |
| 8:21 | Build | Lumber Camp |
| 8:58 | Create | Villager (Male) |
| 8:59 | Create | Villager (Male) |
| 8:59 | Create | Villager (Male) |
| 9:29 | Build | House |
| 10:01 | Build | House |
| 10:02 | Build | House |
| 10:06 | Build | House |
| 10:27 | Build | House |
| 10:49 | Create | Villager (Male) ×5 |
| 12:10 | Build | Mining Camp |
| 12:39 | Build | Mill |
| 12:53 | Research | Feudal Age |
| 14:49 | Create | Villager (Male) |
| 14:50 | Create | Villager (Male) |
| 14:53 | Create | Villager (Male) |
| 15:03 | Age | Feudal Age |
| 15:04 | Research | Double-Bit Axe |
| 15:04 | Research | Double-Bit Axe |
| 15:09 | Research | Horse Collar |
| 15:27 | Build | Stone Wall |
| 15:43 | Build | Stone Wall |
| 16:18 | Build | Market |
| 16:24 | Create | Villager (Male) |
| 16:25 | Create | Villager (Male) |
| 16:25 | Create | Villager (Male) |
| 17:53 | Create | Villager (Male) ×4 |
| 18:52 | Research | Gold Mining |
| 19:02 | Build | Farm |
| 19:03 | Build | Farm |
| 19:04 | Build | Farm |
| 19:05 | Build | Farm |
| 19:06 | Build | Farm |
| 19:07 | Build | Farm |
| 19:08 | Build | Farm |
| 19:29 | Create | Villager (Male) |
| 20:26 | Create | Villager (Male) ×5 |
| 20:43 | Build | Farm |
| 20:46 | Build | Farm |
| 20:47 | Build | Farm |
| 20:49 | Build | Farm |
| 20:50 | Build | Farm |
| 20:50 | Build | Farm |
| 20:58 | Build | Mining Camp |
| 21:00 | Research | Stone Mining |
| 21:10 | Build | House |
| 21:11 | Build | House |
| 21:12 | Build | House |
| 21:14 | Build | House |
| 21:14 | Build | House |
| 21:15 | Build | House |
| 22:34 | Build | Blacksmith |
| 22:46 | Create | Villager (Male) |
| 22:46 | Create | Villager (Male) |
| 22:46 | Create | Villager (Male) |
| 23:03 | Build | Farm |
| 23:04 | Build | Farm |
| 23:06 | Build | Farm |
| 23:07 | Build | Farm |
| 23:09 | Build | Farm |
| 23:37 | Build | Farm |
| 24:24 | Research | Castle Age |
| 24:33 | Build | Mill |
| 24:41 | Research | Town Watch |
| 25:21 | Research | Wheelbarrow |
| 26:12 | Build | Stone Wall |
| 26:28 | Create | Villager (Male) ×5 |
| 27:04 | Age | Castle Age |
| 27:09 | Build | Town Center |
| 28:01 | Create | Villager (Male) ×5 |
| 28:01 | Create | Villager (Male) ×5 |
| 28:07 | Research | Bow Saw |
| 28:25 | Build | Castle |
| 28:40 | Research | Heavy Plow |
| 29:12 | Research | Caravan |
| 29:18 | Research | Stone Shaft Mining |
| 30:21 | Build | Town Center |
| 30:34 | Build | Building 490 |
| 30:40 | Build | Building 796 |
| 30:49 | Research | Hand Cart |
| 31:15 | Create | Villager (Male) ×5 |
| 31:34 | Create | Villager (Male) ×5 |
| 32:06 | Research | Silk Road |
| 32:14 | Build | Market |
| 32:17 | Build | Market |
| 32:18 | Build | Market |
| 32:40 | Build | Outpost |
| 32:52 | Build | Farm |
| 32:53 | Build | Farm |
| 32:55 | Build | Farm |
| 33:07 | Research | Town Patrol |
| 33:15 | Create | Villager (Male) ×5 |
| 33:28 | Build | Mining Camp |
| 33:55 | Build | Lumber Camp |
| 34:08 | Create | Trade Cart ×5 |
| 34:09 | Create | Trade Cart ×5 |
| 34:41 | Build | Castle |
| 34:51 | Create | Villager (Male) ×5 |
| 34:59 | Build | Farm |
| 35:00 | Build | Farm |
| 35:01 | Build | Farm |
| 35:04 | Build | Farm |
| 35:05 | Build | Farm |
| 35:07 | Build | Farm |
| 35:08 | Build | Farm |
| 35:09 | Build | Farm |
| 35:13 | Create | Villager (Male) ×5 |
| 35:30 | Create | Petard |
| 35:31 | Create | Petard |
| 35:31 | Create | Petard |
| 35:46 | Build | Farm |
| 35:49 | Build | Farm |
| 35:52 | Build | Farm |
| 35:54 | Build | Farm |
| 35:56 | Build | Farm |
| 35:58 | Build | Farm |
| 35:59 | Build | Farm |
| 36:02 | Create | Villager (Male) ×5 |
| 36:07 | Research | Fletching |
| 36:08 | Research | Padded Archer Armor |
| 36:18 | Build | Barracks |
| 36:26 | Create | Trade Cart ×5 |
| 36:26 | Create | Trade Cart ×5 |
| 36:46 | Create | Villager (Male) ×5 |
| 36:49 | Create | Villager (Male) |
| 36:49 | Create | Villager (Male) |
| 37:05 | Build | University |
| 37:13 | Research | Squires |
| 37:14 | Research | Arson |
| 37:36 | Build | Castle |
| 37:44 | Build | Mining Camp |
| 37:52 | Create | Genoese Crossbowman ×5 |
Build order — Lautenaius Maximus
First 150 of 291 actions detected
| 0:03 | Create | Villager (Male) |
| 0:03 | Create | Villager (Male) |
| 0:11 | Build | House |
| 0:17 | Create | Villager (Male) ×2 |
| 1:55 | Build | Palisade Wall |
| 2:50 | Create | Villager (Male) |
| 2:51 | Create | Villager (Male) |
| 3:26 | Create | Villager (Male) |
| 3:26 | Create | Villager (Male) |
| 3:52 | Create | Villager (Male) |
| 4:37 | Create | Villager (Male) |
| 4:37 | Create | Villager (Male) |
| 4:38 | Create | Villager (Male) |
| 5:12 | Build | Mill |
| 5:46 | Create | Villager (Male) |
| 5:46 | Create | Villager (Male) |
| 6:10 | Create | Villager (Male) |
| 6:10 | Create | Villager (Male) |
| 6:37 | Create | Villager (Male) |
| 6:37 | Create | Villager (Male) |
| 7:10 | Build | Mill |
| 7:13 | Create | Villager (Male) |
| 7:13 | Create | Villager (Male) |
| 8:03 | Create | Villager (Male) |
| 8:03 | Create | Villager (Male) |
| 8:03 | Create | Villager (Male) |
| 8:49 | Build | House |
| 8:54 | Create | Villager (Male) ×2 |
| 9:51 | Create | Villager (Male) |
| 9:51 | Create | Villager (Male) |
| 11:05 | Create | Villager (Male) |
| 11:06 | Create | Villager (Male) |
| 11:43 | Build | Lumber Camp |
| 11:50 | Build | Mining Camp |
| 12:31 | Build | Barracks |
| 12:53 | Research | Feudal Age |
| 13:00 | Create | Villager (Male) ×4 |
| 15:03 | Age | Feudal Age |
| 15:12 | Build | Stone Wall |
| 15:19 | Build | Building 490 |
| 15:23 | Create | Villager (Male) |
| 15:49 | Build | Mill |
| 15:59 | Build | House |
| 16:31 | Build | Market |
| 17:32 | Research | Double-Bit Axe |
| 18:58 | Create | Trade Cart ×5 |
| 19:12 | Build | Blacksmith |
| 19:24 | Create | Militia |
| 19:30 | Create | Villager (Male) |
| 19:31 | Create | Villager (Male) |
| 19:42 | Create | Villager (Male) |
| 19:48 | Research | Castle Age |
| 19:48 | Research | Castle Age |
| 20:40 | Build | Archery Range |
| 20:41 | Build | Archery Range |
| 20:50 | Research | Fletching |
| 21:15 | Build | House |
| 21:24 | Build | Farm |
| 21:24 | Build | Farm |
| 21:25 | Build | Farm |
| 21:25 | Build | Farm |
| 21:34 | Create | Villager (Male) ×4 |
| 22:04 | Build | Archery Range |
| 22:23 | Build | House |
| 22:25 | Build | House |
| 22:54 | Research | Stone Mining |
| 22:55 | Research | Gold Mining |
| 22:57 | Create | Villager (Male) ×3 |
| 23:25 | Age | Castle Age |
| 23:33 | Build | Town Center |
| 24:15 | Create | Villager (Male) ×2 |
| 24:15 | Create | Villager (Male) ×2 |
| 24:35 | Create | Villager (Male) |
| 24:35 | Create | Villager (Male) |
| 24:43 | Research | Bow Saw |
| 24:51 | Research | Wheelbarrow |
| 25:43 | Build | Castle |
| 25:52 | Create | Villager (Male) ×2 |
| 25:52 | Create | Villager (Male) ×2 |
| 26:10 | Research | Elite Skirmisher (upgrade) |
| 26:42 | Build | Farm |
| 26:42 | Build | Farm |
| 26:45 | Create | Villager (Male) |
| 26:45 | Create | Villager (Male) |
| 26:51 | Build | Farm |
| 26:51 | Build | Farm |
| 27:01 | Create | Skirmisher |
| 27:14 | Build | House |
| 27:22 | Build | Farm |
| 27:26 | Create | Villager (Male) |
| 27:26 | Create | Villager (Male) |
| 27:35 | Build | Farm |
| 27:52 | Create | Villager (Male) ×2 |
| 28:28 | Build | Farm |
| 28:28 | Build | Farm |
| 28:33 | Create | Villager (Male) ×3 |
| 28:33 | Create | Villager (Male) ×4 |
| 28:55 | Create | Villager (Male) |
| 28:56 | Create | Villager (Male) |
| 29:18 | Build | Siege Workshop |
| 29:20 | Build | Farm |
| 29:20 | Build | Farm |
| 29:24 | Create | Villager (Male) ×3 |
| 29:24 | Create | Villager (Male) ×3 |
| 29:33 | Build | Farm |
| 29:57 | Build | Farm |
| 29:57 | Build | Farm |
| 30:01 | Create | Villager (Male) ×4 |
| 30:01 | Create | Villager (Male) ×4 |
| 30:07 | Create | Mangonel ×5 |
| 30:17 | Build | Farm |
| 30:25 | Build | Farm |
| 30:27 | Research | Horse Collar |
| 30:32 | Create | Villager (Male) ×2 |
| 30:32 | Create | Villager (Male) ×2 |
| 30:38 | Build | Farm |
| 30:47 | Build | Farm |
| 30:51 | Build | Farm |
| 30:58 | Create | Villager (Male) ×4 |
| 30:59 | Create | Villager (Male) |
| 30:59 | Create | Villager (Male) |
| 31:14 | Build | Farm |
| 31:14 | Build | Farm |
| 31:26 | Research | Bodkin Arrow |
| 31:39 | Build | Farm |
| 31:39 | Build | Farm |
| 31:45 | Create | Villager (Male) ×5 |
| 32:07 | Build | University |
| 32:11 | Build | Farm |
| 32:17 | Create | Villager (Male) ×5 |
| 32:17 | Create | Villager (Male) |
| 32:17 | Create | Villager (Male) |
| 32:33 | Build | Mill |
| 32:34 | Build | Farm |
| 32:34 | Build | Farm |
| 32:42 | Build | Farm |
| 32:42 | Build | Farm |
| 32:50 | Build | Farm |
| 32:59 | Create | Villager (Male) ×5 |
| 33:00 | Create | Villager (Male) ×5 |
| 33:10 | Build | Farm |
| 33:15 | Build | Farm |
| 33:18 | Create | Villager (Male) ×3 |
| 33:34 | Build | Farm |
| 33:38 | Research | Ballistics |
| 33:38 | Research | Fortified Wall (upgrade) |
| 34:08 | Build | Farm |
| 34:08 | Build | Farm |
| 34:12 | Research | Heavy Plow |
| 34:15 | Create | Villager (Male) ×5 |
Build order — alessiodos
First 150 of 452 actions detected
| 0:02 | Research | Loom |
| 0:05 | Create | Villager (Male) ×4 |
| 0:07 | Build | House |
| 0:24 | Build | Palisade Wall |
| 0:29 | Build | Palisade Wall |
| 2:53 | Create | Villager (Male) |
| 4:01 | Create | Villager (Male) |
| 5:25 | Create | Villager (Male) |
| 6:11 | Create | Villager (Male) |
| 6:11 | Create | Villager (Male) |
| 6:11 | Create | Villager (Male) ×2 |
| 6:13 | Create | Villager (Male) |
| 6:13 | Create | Villager (Male) |
| 6:31 | Build | House |
| 7:00 | Create | Villager (Male) |
| 7:23 | Create | Villager (Male) |
| 7:23 | Create | Villager (Male) |
| 8:18 | Build | Mill |
| 8:38 | Create | Villager (Male) ×4 |
| 9:18 | Build | House |
| 9:36 | Create | Villager (Male) |
| 9:36 | Create | Villager (Male) |
| 9:38 | Create | Villager (Male) |
| 9:38 | Create | Villager (Male) |
| 10:04 | Build | House |
| 10:10 | Create | Villager (Male) |
| 11:05 | Build | Lumber Camp |
| 11:13 | Create | Villager (Male) ×3 |
| 11:52 | Build | House |
| 11:56 | Build | House |
| 12:54 | Create | Villager (Male) ×5 |
| 13:06 | Build | Mining Camp |
| 13:15 | Build | Mining Camp |
| 13:48 | Build | Mill |
| 14:03 | Create | Villager (Male) |
| 14:41 | Create | Villager (Male) |
| 14:48 | Build | House |
| 14:50 | Build | House |
| 14:52 | Build | House |
| 15:04 | Build | Outpost |
| 15:07 | Build | Palisade Wall |
| 15:08 | Build | Palisade Wall |
| 15:10 | Build | Palisade Wall |
| 15:11 | Build | Palisade Wall |
| 15:18 | Build | House |
| 15:24 | Build | Barracks |
| 15:52 | Create | Villager (Male) |
| 15:52 | Create | Villager (Male) |
| 16:31 | Create | Villager (Male) |
| 17:17 | Research | Feudal Age |
| 17:57 | Build | Mining Camp |
| 18:06 | Create | Villager (Male) |
| 18:08 | Create | Villager (Male) |
| 18:29 | Build | Mill |
| 18:38 | Create | Villager (Male) |
| 19:27 | Age | Feudal Age |
| 19:28 | Research | Double-Bit Axe |
| 19:31 | Research | Horse Collar |
| 19:32 | Research | Horse Collar |
| 19:42 | Build | Farm |
| 19:42 | Build | Farm |
| 19:43 | Build | Farm |
| 19:43 | Build | Farm |
| 20:46 | Build | Farm |
| 20:46 | Build | Farm |
| 20:47 | Build | Farm |
| 20:48 | Build | Farm |
| 21:01 | Create | Villager (Male) |
| 21:06 | Research | Wheelbarrow |
| 21:21 | Build | Blacksmith |
| 21:26 | Build | Archery Range |
| 21:32 | Build | Stable |
| 21:37 | Build | House |
| 21:38 | Build | House |
| 21:41 | Build | House |
| 21:51 | Build | Market |
| 21:57 | Build | House |
| 22:14 | Research | Town Watch |
| 22:35 | Build | Farm |
| 22:35 | Build | Farm |
| 22:35 | Build | Farm |
| 22:36 | Build | Farm |
| 22:36 | Build | Farm |
| 22:36 | Build | Farm |
| 22:36 | Build | Farm |
| 22:38 | Build | Farm |
| 22:38 | Build | Farm |
| 22:38 | Build | Farm |
| 22:39 | Build | Farm |
| 22:39 | Build | Farm |
| 22:40 | Build | Farm |
| 22:40 | Build | Farm |
| 22:40 | Build | Farm |
| 22:41 | Build | Farm |
| 22:42 | Build | Farm |
| 22:43 | Build | Farm |
| 22:43 | Build | Farm |
| 22:43 | Build | Farm |
| 22:44 | Build | Farm |
| 22:44 | Build | Farm |
| 22:44 | Build | Farm |
| 22:45 | Build | Farm |
| 22:45 | Build | Farm |
| 22:45 | Build | Farm |
| 22:46 | Build | Farm |
| 22:46 | Build | Farm |
| 22:46 | Build | Farm |
| 22:47 | Build | Farm |
| 22:47 | Build | Farm |
| 22:47 | Build | Farm |
| 22:48 | Build | Farm |
| 22:48 | Build | Farm |
| 22:49 | Build | Farm |
| 22:49 | Build | Farm |
| 22:49 | Build | Farm |
| 22:50 | Build | Farm |
| 22:53 | Create | Villager (Male) ×5 |
| 23:50 | Build | Farm |
| 23:50 | Build | Farm |
| 23:50 | Build | Farm |
| 23:50 | Build | Farm |
| 23:51 | Build | Farm |
| 24:19 | Research | Arson |
| 24:20 | Create | Spearman |
| 24:22 | Create | Spearman |
| 24:25 | Create | Archer |
| 24:27 | Create | Archer |
| 24:34 | Create | Scout Cavalry |
| 24:53 | Create | Villager (Male) |
| 24:54 | Create | Villager (Male) |
| 24:54 | Create | Villager (Male) |
| 24:56 | Create | Villager (Male) |
| 24:56 | Create | Villager (Male) |
| 24:59 | Build | Farm |
| 25:00 | Build | Farm |
| 25:01 | Build | Farm |
| 25:02 | Build | Farm |
| 25:06 | Build | Farm |
| 25:07 | Build | Farm |
| 25:09 | Build | Farm |
| 25:10 | Build | Farm |
| 25:11 | Build | Farm |
| 25:12 | Build | Farm |
| 25:28 | Research | Fletching |
| 25:49 | Create | Trade Cart |
| 26:23 | Research | Castle Age |
| 26:23 | Research | Castle Age |
| 26:34 | Create | Villager (Male) |
| 26:34 | Create | Villager (Male) |
| 26:44 | Create | Villager (Male) |
Build order — Salamandini
First 150 of 391 actions detected
| 0:03 | Create | Villager (Male) |
| 0:03 | Create | Villager (Male) |
| 0:03 | Create | Villager (Male) |
| 0:04 | Create | Villager (Male) |
| 0:08 | Build | House |
| 0:16 | Build | House |
| 0:44 | Build | House |
| 0:47 | Build | House |
| 1:27 | Create | Villager (Male) |
| 1:27 | Create | Villager (Male) |
| 1:27 | Create | Villager (Male) |
| 1:45 | Build | Mill |
| 1:53 | Create | Villager (Male) |
| 1:53 | Create | Villager (Male) |
| 1:53 | Create | Villager (Male) |
| 1:53 | Create | Villager (Male) |
| 1:54 | Create | Villager (Male) |
| 2:14 | Create | Villager (Male) |
| 2:14 | Create | Villager (Male) |
| 2:14 | Create | Villager (Male) |
| 2:14 | Create | Villager (Male) |
| 2:15 | Create | Villager (Male) |
| 2:54 | Create | Villager (Male) |
| 2:54 | Create | Villager (Male) |
| 2:54 | Create | Villager (Male) |
| 3:26 | Create | Villager (Male) |
| 3:26 | Create | Villager (Male) |
| 3:26 | Create | Villager (Male) |
| 3:27 | Create | Villager (Male) |
| 3:51 | Create | Villager (Male) |
| 3:51 | Create | Villager (Male) |
| 3:51 | Create | Villager (Male) |
| 4:46 | Create | Villager (Male) |
| 4:46 | Create | Villager (Male) |
| 4:46 | Create | Villager (Male) |
| 4:46 | Create | Villager (Male) |
| 4:46 | Create | Villager (Male) |
| 4:47 | Create | Villager (Male) |
| 4:47 | Create | Villager (Male) |
| 4:47 | Create | Villager (Male) |
| 5:42 | Create | Villager (Male) |
| 5:42 | Create | Villager (Male) |
| 6:23 | Create | Villager (Male) |
| 8:01 | Create | Villager (Male) |
| 8:18 | Build | Lumber Camp |
| 8:23 | Create | Villager (Male) |
| 9:01 | Research | Feudal Age |
| 9:01 | Research | Feudal Age |
| 9:01 | Research | Feudal Age |
| 9:46 | Build | House |
| 10:34 | Build | House |
| 10:38 | Build | House |
| 10:41 | Build | House |
| 10:44 | Build | House |
| 10:48 | Build | House |
| 10:52 | Build | House |
| 10:57 | Build | House |
| 11:11 | Age | Feudal Age |
| 11:12 | Research | Wheelbarrow |
| 11:17 | Research | Double-Bit Axe |
| 11:20 | Research | Horse Collar |
| 11:32 | Create | Villager (Male) |
| 11:32 | Create | Villager (Male) |
| 11:32 | Create | Villager (Male) |
| 11:32 | Create | Villager (Male) |
| 11:33 | Create | Villager (Male) |
| 11:33 | Create | Villager (Male) |
| 12:28 | Build | Farm |
| 12:33 | Build | Farm |
| 12:41 | Build | Farm |
| 12:48 | Build | Farm |
| 12:54 | Build | Farm |
| 13:00 | Build | Farm |
| 13:06 | Build | Farm |
| 13:12 | Build | Farm |
| 13:19 | Build | Farm |
| 13:24 | Build | Farm |
| 13:48 | Build | Farm |
| 14:15 | Build | Farm |
| 14:20 | Create | Villager (Male) |
| 14:20 | Create | Villager (Male) |
| 14:57 | Build | Farm |
| 15:08 | Build | Blacksmith |
| 15:17 | Build | Blacksmith |
| 15:29 | Build | Market |
| 15:49 | Build | Market |
| 15:56 | Build | Farm |
| 16:00 | Create | Villager (Male) |
| 16:01 | Create | Villager (Male) |
| 16:34 | Create | Villager (Male) |
| 16:44 | Build | House |
| 16:48 | Build | House |
| 16:52 | Build | House |
| 16:54 | Build | House |
| 17:01 | Build | Farm |
| 17:12 | Research | Castle Age |
| 17:23 | Build | Farm |
| 17:44 | Build | Barracks |
| 18:03 | Research | Scale Barding Armor |
| 18:04 | Research | Forging |
| 19:05 | Build | Stable |
| 19:16 | Build | Archery Range |
| 19:55 | Age | Castle Age |
| 19:56 | Research | Hand Cart |
| 19:56 | Research | Hand Cart |
| 20:01 | Research | Bow Saw |
| 20:04 | Research | Heavy Plow |
| 20:28 | Build | Town Center |
| 20:32 | Create | Villager (Male) |
| 20:32 | Create | Villager (Male) |
| 20:32 | Create | Villager (Male) |
| 20:32 | Create | Villager (Male) |
| 20:32 | Create | Villager (Male) |
| 20:57 | Build | Mining Camp |
| 21:02 | Create | Villager (Male) |
| 21:02 | Create | Villager (Male) |
| 21:03 | Create | Villager (Male) |
| 21:03 | Create | Villager (Male) |
| 21:03 | Create | Villager (Male) |
| 21:04 | Create | Villager (Male) |
| 21:05 | Create | Villager (Male) |
| 21:05 | Create | Villager (Male) |
| 21:18 | Research | Husbandry |
| 21:45 | Research | Gold Mining |
| 21:52 | Research | Stone Mining |
| 22:01 | Build | Mining Camp |
| 22:15 | Build | Town Center |
| 22:39 | Research | Gold Shaft Mining |
| 22:57 | Create | Villager (Male) |
| 22:58 | Create | Villager (Male) |
| 22:58 | Create | Villager (Male) |
| 22:58 | Create | Villager (Male) |
| 22:58 | Create | Villager (Male) |
| 23:02 | Create | Villager (Male) |
| 23:03 | Create | Villager (Male) |
| 23:03 | Create | Villager (Male) |
| 23:03 | Create | Villager (Male) |
| 23:03 | Create | Villager (Male) |
| 23:15 | Build | Farm |
| 23:19 | Build | Farm |
| 23:24 | Build | Farm |
| 23:35 | Build | Farm |
| 23:44 | Build | Farm |
| 23:50 | Build | Farm |
| 23:57 | Build | Farm |
| 24:06 | Build | Farm |
| 24:10 | Create | Villager (Male) |
| 24:10 | Create | Villager (Male) |
| 24:10 | Create | Villager (Male) |
| 24:11 | Create | Villager (Male) |
Match timeline
| 0:18 | Unleashing Hell · wall_segment Palisade Wall x11 |
| 0:24 | alessiodos · wall_segment Palisade Wall x9 |
| 0:29 | alessiodos · wall_segment Palisade Wall x12 |
| 0:37 | Unleashing Hell · wall_segment Palisade Wall x15 |
| 0:55 | Twixxo · wall_segment Palisade Wall x13 |
| 1:25 | Twixxo · wall_segment Palisade Wall x10 |
| 1:32 | pdaniel87 · wall_segment Palisade Wall x13 |
| 1:47 | Twixxo · wall_segment Palisade Wall x7 |
| 1:55 | Lautenaius Maximus · wall_segment Palisade Wall x17 |
| 2:15 | Unleashing Hell · wall_segment Palisade Wall x17 |
| 5:37 | _marcus_ · wall_segment Palisade Wall x10 |
| 5:39 | Unleashing Hell · wall_segment Palisade Wall x15 |
| 6:43 | Unleashing Hell · wall_segment Palisade Wall x1 |
| 6:53 | Unleashing Hell · wall_segment Palisade Wall x1 |
| 11:11 | Salamandini · age_up feudal |
| 12:06 | Entopiic · age_up feudal |
| 12:31 | Lautenaius Maximus · first_building Barracks |
| 13:24 | pdaniel87 · age_up feudal |
| 13:56 | pdaniel87 · wall_segment Stone Wall x12 |
| 15:03 | Unleashing Hell · age_up feudal |
| 15:03 | Lautenaius Maximus · age_up feudal |
| 15:07 | alessiodos · wall_segment Palisade Wall x1 |
| 15:08 | alessiodos · wall_segment Palisade Wall x1 |
| 15:10 | alessiodos · wall_segment Palisade Wall x1 |
| 15:11 | alessiodos · wall_segment Palisade Wall x1 |
| 15:12 | Lautenaius Maximus · wall_segment Stone Wall x21 |
| 15:24 | alessiodos · first_building Barracks |
| 15:27 | Unleashing Hell · wall_segment Stone Wall x17 |
| 15:31 | Twixxo · age_up feudal |
| 15:32 | Twixxo · first_building Barracks |
| 15:39 | _marcus_ · age_up feudal |
| 15:43 | Unleashing Hell · wall_segment Stone Wall x14 |
| 15:56 | Twixxo · wall_segment Stone Wall x14 |
| 16:49 | Twixxo · first_building Archery Range |
| 17:08 | Salamandini · first_market_sell 100 wood |
| 17:23 | Twixxo · wall_segment Stone Wall x2 |
| 17:44 | Salamandini · first_building Barracks |
| 17:59 | Twixxo · wall_segment Stone Wall x1 |
| 18:00 | Twixxo · wall_segment Stone Wall x1 |
| 18:13 | Twixxo · wall_segment Stone Wall x1 |
| 18:20 | _marcus_ · age_up castle |
| 18:35 | Twixxo · wall_segment Stone Wall x1 |
| 18:40 | Twixxo · wall_segment Stone Wall x2 |
| 19:05 | Salamandini · first_building Stable |
| 19:16 | Salamandini · first_building Archery Range |
| 19:27 | alessiodos · age_up feudal |
| 19:38 | Twixxo · wall_segment Palisade Wall x1 |
| 19:49 | Twixxo · wall_segment Stone Wall x1 |
| 19:51 | Twixxo · wall_segment Stone Wall x4 |
| 19:55 | Twixxo · wall_segment Stone Wall x5 |
| 19:55 | Salamandini · age_up castle |
| 20:35 | Entopiic · first_building Stable |
| 20:40 | Lautenaius Maximus · first_building Archery Range |
| 21:00 | Twixxo · wall_segment Stone Wall x4 |
| 21:26 | alessiodos · first_building Archery Range |
| 21:32 | alessiodos · first_building Stable |
| 21:56 | _marcus_ · wall_segment Stone Wall x10 |
| 22:01 | _marcus_ · wall_segment Stone Wall x10 |
| 22:57 | _marcus_ · first_building Castle |
| 23:23 | Entopiic · age_up castle |
| 23:25 | Lautenaius Maximus · age_up castle |
| 23:48 | Entopiic · first_building Castle |
| 24:22 | Twixxo · wall_segment Stone Wall x9 |
| 24:24 | Twixxo · wall_segment Stone Wall x9 |
| 24:33 | Salamandini · first_building Monastery |
| 24:34 | _marcus_ · first_building Siege Workshop |
| 25:06 | pdaniel87 · age_up castle |
| 25:09 | Entopiic · wall_segment Stone Wall x12 |
| 25:37 | pdaniel87 · first_building Monastery |
| 25:43 | Lautenaius Maximus · first_building Castle |
| 25:58 | Twixxo · wall_segment Stone Wall x3 |
| 25:59 | Twixxo · wall_segment Stone Wall x8 |
| 26:12 | Unleashing Hell · wall_segment Stone Wall x9 |
| 26:46 | Twixxo · first_building Stable |
| 27:04 | Unleashing Hell · age_up castle |
| 27:05 | _marcus_ · first_building Monastery |
| 27:19 | Twixxo · age_up castle |
| 27:36 | Twixxo · first_building Monastery |
| 27:54 | Entopiic · wall_segment Stone Wall x2 |
| 28:25 | Unleashing Hell · first_building Castle |
| 28:55 | Twixxo · first_building Castle |
| 29:18 | Lautenaius Maximus · first_building Siege Workshop |
| 29:31 | alessiodos · age_up castle |
| 29:48 | alessiodos · first_building Castle |
| 31:10 | Twixxo · first_building Siege Workshop |
| 31:22 | Entopiic · first_building Monastery |
| 31:24 | _marcus_ · age_up imperial |
| 31:57 | Salamandini · first_building Castle |
| 32:08 | pdaniel87 · first_building Castle |
| 32:15 | pdaniel87 · first_building Siege Workshop |
| 32:25 | pdaniel87 · first_building Barracks |
| 32:26 | Twixxo · first_market_sell 100 stone |
| 32:42 | Entopiic · age_up imperial |
| 33:28 | _marcus_ · first_building Stable |
| 34:12 | _marcus_ · first_building Barracks |
| 34:33 | Twixxo · first_market_buy 100 food |
| 34:35 | alessiodos · first_building Monastery |
| 35:13 | Twixxo · resign |
| 36:18 | Unleashing Hell · first_building Barracks |
| 37:11 | pdaniel87 · age_up imperial |
| 37:32 | Salamandini · first_building Siege Workshop |
| 37:35 | Salamandini · age_up imperial |
| 38:06 | Unleashing Hell · first_building Archery Range |
| 38:25 | pdaniel87 · wall_segment Stone Wall x6 |
| 38:55 | Lautenaius Maximus · wall_segment Stone Wall x4 |
| 39:55 | Unleashing Hell · first_market_sell 500 food |
| 41:46 | pdaniel87 · tribute_sent a jugador 1 |
| 41:46 | pdaniel87 · tribute_sent a jugador 2 |
| 41:46 | pdaniel87 · tribute_sent a jugador 4 |
| 41:46 | pdaniel87 · tribute_sent a jugador 5 |
| 41:46 | pdaniel87 · tribute_sent a jugador 6 |
| 41:46 | pdaniel87 · tribute_sent a jugador 7 |
| 41:46 | pdaniel87 · tribute_sent a jugador 8 |
| 42:22 | Unleashing Hell · age_up imperial |
| 42:42 | alessiodos · age_up imperial |
| 43:17 | pdaniel87 · tribute_sent a jugador 1 |
| 43:17 | pdaniel87 · tribute_sent a jugador 2 |
| 43:17 | pdaniel87 · tribute_sent a jugador 4 |
| 43:17 | pdaniel87 · tribute_sent a jugador 5 |
| 43:17 | pdaniel87 · tribute_sent a jugador 6 |
| 43:17 | pdaniel87 · tribute_sent a jugador 7 |
| 43:17 | pdaniel87 · tribute_sent a jugador 8 |
| 46:21 | Lautenaius Maximus · first_market_buy 100 stone |
| 47:16 | Lautenaius Maximus · age_up imperial |
| 48:03 | Lautenaius Maximus · first_building Stable |
| 54:17 | Lautenaius Maximus · first_market_sell 500 food |
| 55:54 | alessiodos · wall_segment Stone Wall x14 |
| 56:01 | alessiodos · wall_segment Palisade Wall x15 |
| 56:07 | alessiodos · wall_segment Stone Wall x16 |
| 56:54 | alessiodos · wall_segment Stone Wall x14 |
| 58:43 | alessiodos · wall_segment Palisade Wall x12 |
| 58:46 | alessiodos · wall_segment Palisade Wall x14 |
| 58:50 | alessiodos · wall_segment Palisade Wall x14 |
| 58:54 | alessiodos · wall_segment Palisade Wall x14 |
| 58:58 | alessiodos · wall_segment Palisade Wall x14 |
| 59:02 | alessiodos · wall_segment Palisade Wall x14 |
| 59:22 | alessiodos · first_market_sell 500 wood |
| 59:24 | alessiodos · first_market_buy 500 stone |
| 59:56 | alessiodos · wall_segment Stone Wall x13 |
| 61:47 | Salamandini · first_market_buy 100 stone |
[ AI ANALYSIS · 1 CREDIT ]
What really happened in this match?
Wolo.gg analyzes every decision: build order, eco, micro, common mistakes by bracket. Personalized analysis on WhatsApp or Discord in 30 seconds.
Civ guide
Teutons
Map guide
Black Forest
Perfil
Twixxo